 Dungeon Crawl Stone Soup version 0.30-a0-860-g512cf1e979 (webtiles) character file.

Game seed: 10565422212786284656

110720 tarna41 the Tortoise (level 16, -14/155 HPs)
             Began as a Minotaur Berserker on Mar 7, 2023.
             Was a High Priest of Trog.
             Killed from afar by a deep elf zephyrmancer (25 damage)
             ... with a bolt of lightning
             ... on level 1 of the Elven Halls.
             The game lasted 01:02:48 (24608 turns).

tarna41 the Tortoise (Minotaur Berserker)          Turns: 24608, Time: 01:02:48

Health: -14/155    AC: 28    Str: 32    XL:     16   Next: 7%
Magic:  15/15      EV: 29    Int:  8    God:    Trog [*****.]
Gold:   1393       SH:  8    Dex: 12    Spells: 15/15 levels left

rFire   + . .      SeeInvis .    b - +8 mithril axe "Arga" {speed, Will+}
rCold   x . .      Faith    .    r - +2 buckler
rNeg    . . .      Spirit   .    I - +3 plate armour
rPois   .          Reflect  .    (helmet restricted)
rElec   .          Rampage  .    E - +0 cloak
rCorr   .                        J - +0 pair of gloves
Will    +++..                    D - +0 pair of boots Stlth
                                 y - amulet of the acrobat
HPRegen 0.45/turn                P - ring of willpower
MPRegen 0.14/turn                u - ring of Allean {rF+ Str+4 Int+6}

@: on berserk cooldown, acrobatic, slowed, studying Armour, unable to drink,
very slow
A: horns 2, retaliatory headbutt, dopey 1, shaggy fur 1, cold vulnerability 1,
inability to drink after injury 1
a: Renounce Religion, Berserk, Trog's Hand, Brothers in Arms


You were on level 1 of the Elven Halls.
You worshipped Trog.
Trog was extremely pleased with you.
You visited 4 branches of the dungeon, and saw 23 of its levels.
You also visited: Ossuary.

You collected 2662 gold pieces.
You spent 1269 gold pieces at shops.

Inventory:

Hand Weapons
 b - the +8 mithril axe "Arga" (weapon) {speed, Will+}
   (You acquired it on level 4 of the Dungeon)

   Will:      It increases your willpower.
 i - a +5 battleaxe
 k - a +6 antimagic executioner's axe
 m - a +4 heavy halberd
 C - a +5 battleaxe of venom
 K - a +4 scimitar of freezing
 N - a +6 antimagic battleaxe
 R - a +0 lajatang
 T - a +5 executioner's axe
Armour
 r - a +2 buckler (worn)
 D - a +0 pair of boots (worn)
 E - a +0 cloak (worn)
 G - a +0 kite shield
 H - a +3 scale mail of poison resistance
 I - a +3 plate armour (worn)
 J - a +0 pair of gloves (worn)
Jewellery
 a - the ring "Feigro" {*Corrode rElec Str+6 SInv}
   (You found it on level 3 of the Lair of Beasts)

   [ring of strength]

   Str:       It affects your strength (+6).
   rElec:     It insulates you from electricity.
   SInv:      It lets you see invisible.
   *Corrode:  It may corrode you when you take damage.
 u - the ring of Allean (right hand) {rF+ Str+4 Int+6}
   (You found it on level 5 of the Lair of Beasts)

   [ring of intelligence]

   Str:       It affects your strength (+4).
   Int:       It affects your intelligence (+6).
   rF:        It protects you from fire.
 y - an amulet of the acrobat (around neck)
 O - a ring of positive energy
 P - a ring of willpower (left hand)
 Q - a ring of ice
Wands
 q - a wand of roots (44)
 x - a wand of flame (8)
 S - a wand of digging (4)
 U - a wand of light (2)
 X - a wand of polymorph (5)
 Z - a wand of mindburst (7)
Scrolls
 f - 6 scrolls of fear
 j - 13 scrolls of teleportation
 l - a scroll of vulnerability
 n - a scroll of silence
 o - 3 scrolls of torment
 t - 2 scrolls of immolation
 v - 4 scrolls of magic mapping
 w - 5 scrolls of fog
 F - 4 scrolls of blinking
 L - 5 scrolls of enchant weapon
 M - a scroll of summoning
 W - 2 scrolls of identify
 Y - 4 scrolls of poison
Potions
 c - 8 potions of flight
 d - 5 potions of lignification
 e - 3 potions of haste
 g - 10 potions of curing
 h - a potion of ambrosia
 p - 5 potions of heal wounds (quivered)
 s - 3 potions of attraction
 z - a potion of might
 A - 2 potions of resistance


   Skills:
 * Level 17.5 Fighting
 * Level 17.5 Axes
 + Level 18.9 Armour
 * Level 16.1 Dodging
 * Level 8.5 Shields


You had 15 spell levels left.
You didn't know any spells.
Your spell library was empty.

Dungeon Overview and Level Annotations

Branches:
Dungeon (15/15)            Temple (0/1) D:4            Lair (5/5) D:9
 Shoals (0/4) Lair:3       Spider (0/4) Lair:2        Slime (0/5) Lair:4
    Orc (2/2) D:10            Elf (1/3) Orc:2        Vaults (0/5) D:14
 Depths (0/4) D:15        Ossuary (visited)

Altars:
Cheibriados
Fedhas
Gozag
Kikubaaqudgha
Makhleb
Okawaru
Qazlal
Ru
Sif Muna
Wu Jian
Xom
Zin
Jiyva

Shops:
D:1 ?   D:13 [   Orc:2 ((([

Portals:
Trove: D:12 (give 8 potions of haste)

Annotations:
Lair:4 3 runed translucent doors, relicbr's ghost, journeyman SpDe


Innate Abilities, Weirdness & Mutations

You have a pair of horns on your head.
You reflexively headbutt those who attack you in melee.
You are dopey. (Int -2)
You are covered in fur. (AC +1)
You are vulnerable to cold. (rC-)
You occasionally lose the ability to drink potions when taking damage.


Message History

The deep elf zephyrmancer blinks!
The +1 halberd of venom hits you but does no damage.
You are lethally poisoned!
You feel better.
The deep elf zephyrmancer points at you and mumbles some strange words.
The bolt of lightning hits you!!
You feel threatened and lose the ability to drink potions!
* * * LOW HITPOINT WARNING * * *
The +1 halberd of venom hits you but does no damage.
You are poisoned.
The +1 halberd of venom completely misses you.
You furiously retaliate!
You headbutt the +1 halberd of venom!
You hear a shout!
Blink to where?
Press: ? - help, Dir - move target
As you read the scroll of blinking, it crumbles to dust.
You feel very sick.
You feel sick.
The +1 halberd of venom hits you but does no damage.
Found a stone staircase leading down.
You feel sick.
The +1 halberd of venom barely misses you.
There is an open door here.
You feel sick.
You block the +1 halberd of venom's attack.
You can drink potions again.
You feel sick.
You are no longer poisoned.
The +1 halberd of venom barely misses you.
A deep elf zephyrmancer comes into view.
It is wielding a +0 long sword.
The +1 halberd of venom closely misses you.
A deep elf zephyrmancer comes into view.
It is wielding a +3 dagger.
The +1 halberd of venom misses you. The +1 halberd of venom misses you.
The +1 halberd of venom hits you but does no damage.
The +1 halberd of venom completely misses you.
The +1 halberd of venom barely misses you.
The deep elf zephyrmancer points at you and mumbles some strange words.
The bolt of lightning hits you!!
You feel threatened and lose the ability to drink potions!
You die...

.## ##..#+#### ## #..#.
#..#..# ##.# #
##............ #.# #
#..#..#....#.. #.#.# #
#............. #.#'#
###.#..#......#. ###....
..........e..... .e..... #
#'.......## #e###.......
##.))......###.@.........
#........ยง..#####(.^.....
##>..))...)..#####.e......
.'...e.......'e..'........
##..........>#####......>.
#...........# ##.......
##.........## #......
##..[....## #.....
##.....## #####


You could see a deep elf sorcerer, a deep elf zephyrmancer and a +1 halberd of
venom.

Vanquished Creatures
  A deep elf sorcerer (Elf:1)
  An orc warlord (Orc:1)
  The ghost of BigDaddyOpFi the Cleaver, a journeyman MiGl of Hepliaklqana (Lair:3)
  A dire elephant (D:15)
  Azrael (D:12)
  Snorg (D:14)
  A deep elf death mage (Elf:1)
  Josephine (D:10)
  7 hydras
  5 ogre magi
  Fannar (D:12)
  A catoblepas (Lair:4)
  6 boulder beetles
  5 centaur warriors
  16 two-headed ogres
  Sonja (D:10)
  2 tengu warriors
  2 skysharks
  A deep elf knight (Elf:1)
  Nergalle (D:10)
  5 skeletal warriors (D:12)
  4 deep elf archers (Elf:1)
  A wolf spider (D:15)
  An ugly thing (D:12)
  6 deep elf zephyrmancers (Elf:1)
  6 orc knights
  5 deep elf pyromancers
  2 orc sorcerers
  A salamander (D:15)
  4 cyclopes
  An oklob plant (Lair:5)
  3 manticores
  A salamander (shapeshifter) (D:15)
  6 black mambas
  10 elephants (Lair:2)
  A torpor snail (Lair:3)
  4 merfolk sirens (Lair:3)
  A gargoyle (D:12)
  7 rime drakes
  8 cane toads
  2 unseen horrors (D:11)
  4 tengu conjurers
  3 kobold demonologists
  3 efreet
  5 komodo dragons
  A freezing wraith (D:14)
  3 yaktaurs (D:14)
  A meliai (D:13)
  6 trolls
  5 polar bears
  6 hornets
  9 dream sheep (Lair:5)
  4 blink frogs (Lair:2)
  A shadow (D:13)
  Sigmund (D:6)
  10 slime creatures
  A jumping spider (Lair:2)
  The ghost of baller8008 the Conjurer, an amateur DECj (D:5)
  12 spriggans (Lair:5)
  4 fire elementals
  10 wyverns
  4 wraiths
  13 basilisks
  A vampire (D:14)
  A redback (Lair:2)
  53 yaks
  A redback (shapeshifter) (D:12)
  16 vampire mosquitoes
  3 wargs
  6 acid dragons
  3 hell hounds
  18 water moccasins
  23 orc warriors
  3 ice beasts
  A sky beast (D:8)
  6 black bears
  31 ogres
  5 centaurs
  10 boggarts
  19 wolves (Lair:5)
  2 elf zombies (Ossuary)
  11 kobold brigands
  13 bullfrogs
  A gnoll sergeant (D:9)
  5 scorpions
  16 wights
  15 killer bees
  2 electric eels (Lair:1)
  6 howler monkeys
  2 centaur zombies (Ossuary)
  4 hounds
  A human zombie (Ossuary)
  A gnoll bouda (D:7)
  4 jellies
  17 orc priests
  2 iguanas
  15 orc wizards
  Ijyb (D:3)
  7 hell rats (Lair:4)
  2 hound zombies (Ossuary)
  Robin (D:3)
  3 mummies (Ossuary)
  9 gnolls
  9 adders
  A shadow imp (D:6)
  2 ufetubi
  3 adder zombies (Ossuary)
  2 worms
  A dart slug (D:2)
  68 orcs
  2 bats (D:2)
  4 endoplasms (D:2)
  5 giant cockroaches
  15 goblins
  12 hobgoblins
  13 jackals
  21 kobolds
  2 quokkas
  5 ball pythons
  4 goblin zombies (Ossuary)
  5 hobgoblin zombies (Ossuary)
  2 jackal zombies (Ossuary)
  5 kobold zombies (Ossuary)
  An orc zombie (Ossuary)
  5 quokka zombies (Ossuary)
  5 rats
  3 rat zombies (Ossuary)
  A plant (Lair:5)
778 creatures vanquished.

Vanquished Creatures (collateral kills)
  A hydra (Lair:5)
  2 two-headed ogres (Orc:2)
  An ogre (Orc:2)
4 creatures vanquished.

Vanquished Creatures (others)
  A water elemental (Elf:1)
  9 fungi
  21 plants
31 creatures vanquished.

Grand Total: 813 creatures vanquished

Notes
Turn   | Place    | Note
-------+----------+-------------------------------------------
     0 | D:1      | tarna41 the Minotaur Berserker began the quest for the Orb.
     0 | D:1      | Reached XP level 1. HP: 19/19 MP: 0/0
    88 | D:1      | Reached XP level 2. HP: 22/27 MP: 1/1
   415 | D:1      | Found Zacaaseu's Magic Scroll Boutique.
   592 | D:2      | Reached skill level 3 in Armour
   700 | D:2      | Reached XP level 3. HP: 33/33 MP: 2/2
   714 | D:2      | Reached ** piety under Trog
   808 | D:2      | Found a snail-covered altar of Cheibriados.
  1261 | D:3      | Noticed a black bear
  1271 | D:3      | Killed a black bear
  1272 | D:3      | Reached XP level 4. HP: 41/41 MP: 3/3
  1272 | D:3      | Reached XP level 5. HP: 47/47 MP: 4/4
  1312 | D:3      | Found a shimmering blue altar of Sif Muna.
  1342 | D:3      | Noticed Ijyb
  1347 | D:3      | Killed Ijyb
  1386 | D:3      | Reached skill level 5 in Fighting
  1386 | D:3      | Reached skill level 5 in Axes
  1386 | D:3      | Reached skill level 4 in Armour
  1719 | D:3      | Noticed Robin
  1730 | D:3      | Killed Robin
  1731 | D:3      | Reached XP level 6. HP: 56/56 MP: 5/5
  1810 | D:3      | Reached *** piety under Trog
  2290 | D:4      | Found a staircase to the Ecumenical Temple.
  2307 | D:4      | Reached skill level 5 in Armour
  2307 | D:4      | Reached XP level 7. HP: 16/62 MP: 6/6
  3118 | D:4      | Reached skill level 5 in Dodging
  3127 | D:4      | Identified a scroll of acquirement
  3134 | D:4      | Acquired the +8 mithril axe "Arga" {speed, Will+}
  3134 | D:4      | Found the +8 mithril axe "Arga" {speed, Will+}
  3378 | D:5      | Entered Level 5 of the Dungeon
  3741 | D:5      | Reached skill level 6 in Armour
  3741 | D:5      | Reached XP level 8. HP: 47/71 MP: 7/7
  3984 | D:5      | Found a runed translucent door.
  3989 | D:5      | Noticed baller8008's ghost (amateur DECj)
  4056 | D:5      | Reached **** piety under Trog
  4061 | D:5      | Killed baller8008's ghost
  4062 | D:5      | Reached skill level 7 in Armour
  4745 | D:6      | Reached XP level 9. HP: 61/81 MP: 8/8
  4830 | D:6      | Found a sand-covered staircase.
  4839 | Ossuary  | Entered an ossuary
  4927 | Ossuary  | Reached ***** piety under Trog
  5171 | D:6      | Noticed Sigmund
  5180 | D:6      | Killed Sigmund
  5264 | D:6      | Reached skill level 8 in Armour
  5509 | D:6      | Found a stormy altar of Qazlal.
  6132 | D:7      | Reached skill level 9 in Armour
  6132 | D:7      | Reached XP level 10. HP: 74/90 MP: 9/9
  6245 | D:7      | Found an ancient bone altar of Kikubaaqudgha.
  6764 | D:8      | Noticed an angel
  6765 | D:8      | Found a glowing silver altar of Zin.
  6765 | D:8      | Found a shimmering altar of Xom.
  6800 | D:8      | Paralysed by a hornet for 2 turns
  6814 | D:8      | Reached skill level 10 in Fighting
  6891 | D:8      | Reached skill level 10 in Axes
  7091 | D:8      | Found an ornate altar of the Wu Jian Council.
  7462 | D:8      | Received a gift from Trog
  7768 | D:9      | Reached skill level 10 in Armour
  7776 | D:9      | Found a staircase to the Lair.
  8027 | D:9      | Reached XP level 11. HP: 101/101 MP: 10/10
  8040 | D:9      | Found an iron altar of Okawaru.
  8345 | D:9      | Found a sacrificial altar of Ru.
  8626 | D:10     | Entered Level 10 of the Dungeon
  8701 | D:10     | Reached skill level 10 in Dodging
  8879 | D:10     | Noticed a two-headed ogre
  8887 | D:10     | Killed a two-headed ogre
  8888 | D:10     | Reached skill level 11 in Armour
  8978 | D:10     | Noticed Sonja
  8982 | D:10     | Noticed Nergalle
  8997 | D:10     | Killed Nergalle
  9000 | D:10     | Killed Sonja
  9072 | D:10     | Received a gift from Trog
  9116 | D:10     | Noticed Josephine
  9126 | D:10     | Killed Josephine
  9265 | D:10     | Found a staircase to the Orcish Mines.
  9325 | D:10     | Found a burning altar of Makhleb.
  9377 | D:11     | Noticed a boulder beetle
  9392 | D:11     | Killed a boulder beetle
  9655 | D:11     | Noticed a boulder beetle
  9672 | D:11     | Killed a boulder beetle
  9673 | D:11     | Reached skill level 12 in Armour
  9756 | D:11     | Reached XP level 12. HP: 72/113 MP: 11/11
 10566 | D:12     | Noticed a boulder beetle
 10585 | D:12     | Killed a boulder beetle
 10809 | D:12     | Noticed Fannar
 10820 | D:12     | Killed Fannar
 10821 | D:12     | Reached skill level 13 in Armour
 11004 | D:12     | Acquired a manual of Armour
 11159 | D:12     | Found a portal to a secret trove of treasure.
 11346 | Lair:1   | Entered Level 1 of the Lair of Beasts
 11964 | Lair:1   | Reached XP level 13. HP: 98/123 MP: 12/12
 12267 | Lair:1   | Reached skill level 14 in Armour
 12577 | Lair:2   | Received a gift from Trog
 12764 | Lair:2   | Identified the +2 robe "Etsuofuo" {rElec rN++}
 12787 | Lair:2   | Found a hole to the Spider Nest.
 13545 | Lair:3   | Reached skill level 15 in Armour
 14154 | Lair:3   | Found a staircase to the Shoals.
 14761 | Lair:3   | Found a runed translucent door.
 14768 | Lair:3   | Noticed BigDaddyOpFi's ghost (journeyman MiGl)
 15013 | Lair:3   | Killed BigDaddyOpFi's ghost
 15018 | Lair:3   | Identified the ring "Feigro" {*Corrode rElec Str+6 SInv}
 15026 | Lair:3   | Gained mutation: Your spells are a little easier to cast,
                  | but a little less powerful. [potion of mutation]
 15026 | Lair:3   | Gained mutation: You passively map a small area around you.
                  | [potion of mutation]
 15026 | Lair:3   | Gained mutation: You are agile. (Dex +4, Str/Int -1)
                  | [potion of mutation]
 15027 | Lair:3   | Lost mutation: Your spells are a little easier to cast, but
                  | a little less powerful. [potion of mutation]
 15027 | Lair:3   | Lost mutation: You are agile. (Dex +4, Str/Int -1) [potion
                  | of mutation]
 15027 | Lair:3   | Gained mutation: Your flesh is cold resistant. (rC+)
                  | [potion of mutation]
 15027 | Lair:3   | Gained mutation: You occasionally lose the ability to drink
                  | potions when taking damage. [potion of mutation]
 15027 | Lair:3   | Gained mutation: Your magical capacity is low. (-10% MP)
                  | [potion of mutation]
 15027 | Lair:3   | Gained mutation: You are covered in fur. (AC +1) [potion of
                  | mutation]
 15029 | Lair:3   | Lost mutation: You passively map a small area around you.
                  | [potion of mutation]
 15029 | Lair:3   | Lost mutation: Your flesh is cold resistant. (rC+) [potion
                  | of mutation]
 15029 | Lair:3   | Lost mutation: Your magical capacity is low. (-10% MP)
                  | [potion of mutation]
 15029 | Lair:3   | Gained mutation: You are vulnerable to cold. (rC-) [potion
                  | of mutation]
 15029 | Lair:3   | Gained mutation: You are dopey. (Int -2) [potion of
                  | mutation]
 15158 | Lair:4   | Found a viscous altar of Jiyva.
 15158 | Lair:4   | Found a staircase to the Slime Pits.
 15196 | Lair:4   | Reached skill level 16 in Armour
 15520 | Lair:4   | Reached skill level 15 in Fighting
 15528 | Lair:4   | Reached skill level 15 in Axes
 15546 | Lair:4   | Received a gift from Trog
 15548 | Lair:4   | Reached XP level 14. HP: 123/135 MP: 13/13
 16263 | Lair:4   | Found a runed translucent gate.
 16263 | Lair:4   | Found a runed translucent gate.
 16263 | Lair:4   | Found a runed translucent gate.
 16263 | Lair:4   | Noticed relicbr's ghost (journeyman SpDe)
 16539 | Lair:5   | Entered Level 5 of the Lair of Beasts
 17069 | Lair:5   | Reached skill level 17 in Armour
 17541 | Lair:5   | Identified the ring of Allean {rF+ Str+4 Int+6}
 17659 | Lair:5   | Reached skill level 1 in Shields
 18582 | D:13     | Noticed Azrael
 18870 | D:12     | Received a gift from Trog
 18920 | D:12     | Killed Azrael
 19459 | D:13     | Found Paoreeh's Antique Armour Shop.
 19467 | D:13     | Bought a runed troll leather armour for 648 gold pieces
 19467 | D:13     | Bought a glowing orb for 432 gold pieces
 19864 | D:14     | Noticed Snorg
 19872 | D:14     | Killed Snorg
 20088 | D:14     | Reached XP level 15. HP: 129/145 MP: 14/14
 20107 | D:14     | Reached skill level 5 in Shields
 20114 | D:14     | Reached skill level 15 in Dodging
 20511 | D:14     | Found a gate to the Vaults.
 20716 | D:14     | Reached skill level 18 in Armour
 20902 | D:15     | Entered Level 15 of the Dungeon
 21009 | D:15     | Found an opulent altar of Gozag.
 21104 | D:15     | Found a staircase to the Depths.
 21787 | D:15     | Found a blossoming altar of Fedhas.
 22898 | Orc:1    | Entered Level 1 of the Orcish Mines
 22924 | Orc:1    | Received a gift from Trog
 23323 | Orc:2    | Entered Level 2 of the Orcish Mines
 23328 | Orc:2    | Found Tabbappa's Weapon Boutique.
 23328 | Orc:2    | Found Xikus's Weapon Emporium.
 23329 | Orc:2    | Found Wowunt's Weapon Emporium.
 23329 | Orc:2    | Found Waxitsirgh's Antique Armour Shop.
 23614 | Orc:2    | Bought a glowing scale mail for 189 gold pieces
 23629 | Orc:2    | Found a staircase to the Elven Halls.
 24068 | Orc:1    | Received a gift from Trog
 24262 | Elf:1    | Entered Level 1 of the Elven Halls
 24363 | Elf:1    | Noticed a deep elf sorcerer
 24373 | Elf:1    | Killed a deep elf sorcerer
 24374 | Elf:1    | Reached XP level 16. HP: 118/155 MP: 15/15
 24608 | Elf:1    | Killed from afar by a deep elf zephyrmancer

Illustrated notes

Levels and vault maps discovered:
D:1:      minmay_arrival_pointy, layout_basic, serial_shops, shop_fountains,
          kennysheep_minor_cross
D:2:      layout_basic, basic_altar
D:3:      layout_basic, mainiacjoe_overflow_six_doors_small, uniq_ijyb,
          uniq_robin
D:4:      layout_basic, nicolae_overflow_hidden_temple,
          minmay_temple_entry_junction, minmay_goblin_kobold_house
D:5:      layout_basic, ebering_ghost_sewer_d
D:6:      layout_rooms, mainiacjoe_overflow_catwalk, enter_ossuary_1,
          uniq_sigmund
D:7:      layout_loops_corners, mainiacjoe_overflow_brackets
D:8:      layout_rooms, nzn_wu_jian_contemplation,
          grunt_temple_overflow_order_and_chaos_1
D:9:      layout_stronghold, okawaru_trees_1, nicolae_ru_the_path_less_chosen,
          minmay_lair_entry_grove, minmay_misc_feat_iff
D:10:     layout_rooms, marbit_many_paths, orc_0_dummy, uniq_sonja,
          uniq_josephine, uniq_nergalle
D:11:     layout_loops_ring
D:12:     layout_small_grid, enter_trove_6, uniq_fannar
D:13:     layout_cross, serial_shops, shop, kb_rosetta, uniq_azrael
D:14:     layout_roguey, hangedman_vaults_entry_quadrant_bands,
          minmay_tree_intersection, uniq_snorg
D:15:     hangedman_depths_entry_try_elsewhere_first, layout_basic,
          grunt_gozag_breadcrumbs, fedhas_altar_2
Lair:1:   layout_roguey, dpeg_stationary_puzzle
Lair:2:   layout_long_grid, spider_nest_entry_a
Lair:3:   layout_chaotic_city, elwin_shoals_entry_stream,
          ebering_ghost_reflecting_pool
Lair:4:   wander_river, layout_cellular_growth, slime_entry_1, special_room
          [special_room_mythical_zoo], gammafunk_ghost_necromancy
Lair:5:   minmay_lair_end_enchanted_forest, layout_hall_layers
Orc:1:    layout_caves
Orc:2:    st_orc_ogre_mass, layout_caves
Elf:1:    layout_geoelf_grid, serial_shops, shop, minmay_elf_sorcery

Skill      XL: |  1  2  3  4  5  6  7  8  9 10 11 12 13 14 15 |
---------------+----------------------------------------------+-----
Fighting       | 4 5 6 7 9 10 12 13 15 16 17 | 17.5
Axes           | 4 5 6 7 9 10 12 13 15 16 17 | 17.5
Armour         | 3 4 5 6 7 9 10 12 13 16 17 18 | 18.9
Dodging        | 3 4 5 6 8 9 11 12 13 14 16 | 16.1
Shields        | 4 8 |  8.5

Action                     |  1- 3 |  4- 6 |  7- 9 | 10-12 | 13-15 | 16-18 || total
---------------------------+-------+-------+-------+-------+-------+-------++-------
  Melee: Hand axe          |    70 |    71 |    53 |       |       |       ||   194
         Headbutt          |    11 |    13 |    36 |    89 |   200 |     2 ||   351
         Punch             |       |     1 |     3 |     5 |     2 |       ||    11
         Broad axe         |       |       |   212 |   467 |   925 |    17 ||  1621
 Invoke: Berserk           |     1 |     2 |     3 |    10 |    16 |     1 ||    33
         Brothers in Arms  |       |       |       |       |     3 |       ||     3
  Evoke: Wand              |       |       |       |       |     2 |       ||     2
    Use: Scroll            |       |       |    14 |    17 |     6 |     1 ||    38
         Potion            |       |       |       |       |     8 |     1 ||     9
   Stab: Sleeping          |     1 |       |       |       |       |       ||     1
         Petrified         |       |       |       |       |     2 |       ||     2
 Armour: Animal skin       |    11 |       |       |       |       |       ||    11
         Chain mail        |    10 |    32 |    98 |    35 |       |       ||   175
         Plate armour      |       |       |       |   122 |   453 |     8 ||   583
  Dodge: Dodged            |    54 |    27 |   112 |   226 |   448 |    18 ||   885
  Block: Buckler           |       |       |       |       |   129 |     8 ||   137

Table legend: (Time is in decaauts)
 A = Elapsed time spent in this place.
 B = Non-inter-level travel time spent in this place.
 C = Inter-level travel time spent in this place.
 D = Time resting spent in this place.
 E = Time spent auto-exploring this place.
 F = Levels seen in this place.
 G = Mean time per level.
                   A        B        C        D        E       F      G
               +--------+--------+--------+--------+--------+-----+--------+
         Total |  24278 |  22519 |   1759 |   5014 |  14157 |  24 | 1011.6 |
       Dungeon |  15466 |  14247 |   1219 |   2725 |   9206 |  15 | 1031.1 |
          Lair |   6945 |   6478 |    467 |   1726 |   4056 |   5 | 1389.0 |
  Orcish Mines |   1299 |   1226 |     73 |    398 |    667 |   2 |  649.5 |
   Elven Halls |    327 |    327 |      0 |    165 |     79 |   1 |  327.0 |
       Ossuary |    240 |    240 |      0 |      0 |    149 |   1 |  240.0 |
               +--------+--------+--------+--------+--------+-----+--------+

Top non-repeatable levels by time:
  Lair:4: 1592 daAuts
    D:12: 1591 daAuts
  Lair:5: 1588 daAuts
  Lair:3: 1554 daAuts
    D:15: 1404 daAuts
     D:5: 1342 daAuts
     D:9: 1265 daAuts
    D:11: 1257 daAuts
     D:4: 1207 daAuts
  Lair:1: 1150 daAuts
    D:14: 1133 daAuts
     D:7: 1089 daAuts
  Lair:2: 1058 daAuts
    D:10: 1004 daAuts
     D:3: 963 daAuts
